Map: Daybreak LE

Players

CBagRun - Winner!

  • Race: Zerg Zerg
  • Spawn Location: 1:00

couchman

  • Race: Terran Terran
  • Spawn Location: 7:00

VOD

Have the link to the VOD?

Description

Time

  • Played on: Dec. 13, 2021, 8:47 p.m.
  • Length: 3:49
Show
View Real Time Build Order
Export as new Build Order

CBagRun Zerg - Winner!

Build Orders: Pool Only 

Get SALT Encoding   

  12  0:00  Drone  
  13  0:08  Drone  
  14  0:17  Overlord  
  14  0:35  Drone x2  
  16  0:58  Spawning Pool  
  15  1:07  Drone x3  
  18  1:26  Extractor  
  18  1:30  Extractor  
  16  1:45  Zergling x4  
  18  1:47  Queen  
  20  2:01  Zergling x2  
  20  2:02  Zergling x2  
  22  2:13  Overlord  
  22  2:18  Metabolic Boost  
  22  2:36  Zergling x4  
Show
View Real Time Build Order
Export as new Build Order

couchman Terran 

Build Orders:  

Get SALT Encoding   

  12  0:00  SCV  
  13  0:12  SCV  
  14  0:19  Supply Depot  
  14  0:25  SCV  
  15  0:41  SCV  
  16  0:45  Refinery  
  16  0:48  Barracks  
  16  0:53  SCV  
  17  1:05  SCV  
  18  1:17  SCV  
  19  1:29  SCV  
  20  1:34  Refinery  
  20  1:37  Barracks Tech Lab, Engineering Bay  
  20  1:41  SCV  
  21  1:53  Supply Depot  
  21  2:10  SCV  
  21  2:11  Factory  
  22  2:17  Supply Depot  
  22  2:22  SCV  
  23  2:34  SCV  
  23  2:35  Sensor Tower  
  24  2:39  Marine  
  24  2:40  Supply Depot  
  25  2:46  SCV  
  26  2:57  Marine  
  26  3:15  Marine  
Tags
 
Matchup
TvZ
Opening
Pool Only
Replay Pack
re
Spawn Locations
Cross Positions
Add a new tag
Caveats
  • Supply blocks, unpowered buildings, or Contaminate may cause inaccurate times.
  • Supply counts are checked every 10 seconds.